Map: Automaton LE

Players

llllllllllll - Winner!

  • Race: Terran Terran
  • League: Platinum
  • Spawn Location: 3:00

BadFaith

  • Race: Zerg Zerg
  • League: Platinum
  • Spawn Location: 9:00

VOD

Have the link to the VOD?

Description

Time

  • Played on: Dec. 13, 2018, 10:21 a.m.
  • Length: 13:49
Show
View Real Time Build Order
Export as new Build Order

llllllllllll Terran - Winner!

Build Orders: Hellion Opening 

Get SALT Encoding   

  12  0:01  SCV  
  13  0:13  SCV  
  14  0:18  Supply Depot  
  14  0:25  SCV  
  15  0:33  Refinery  
  15  0:40  SCV  
  16  0:51  Barracks  
  16  0:52  SCV  
  17  1:04  SCV  
  18  1:16  SCV  
  19  1:28  SCV  
  20  1:33  Refinery  
  20  1:40  Marine, Factory, SCV  
  22  1:52  Orbital Command  
  22  1:53  Supply Depot  
  22  2:03  Barracks Reactor  
  22  2:18  SCV  
  23  2:30  SCV  
  23  2:31  Starport  
  24  2:42  SCV  
  25  2:53  Barracks Tech Lab  
  25  2:54  SCV  
  25  2:55  Hellion x2  
  30  3:02  Supply Depot  
  30  3:05  Supply Depot  
  30  3:06  SCV  
  31  3:24  SCV, Hellion x2  
  36  3:27  Barracks Reactor  
  36  3:37  Raven  
  38  3:43  Supply Depot  
  38  3:47  Hellion x2  
  42  3:56  Command Center  
  42  3:57  SCV  
  43  4:08  Marine x2  
  43  4:09  SCV  
  46  4:11  Barracks  
  46  4:21  SCV  
  47  4:26  Bunker, Supply Depot  
  47  4:28  Raven  
  49  4:33  SCV  
  51  4:45  SCV  
  51  4:57  SCV  
  51  4:58  Barracks  
  51  4:59  Barracks  
  52  5:09  SCV  
  53  5:16  Barracks Tech Lab  
  53  5:20  Orbital Command  
  53  5:22  SCV  
  53  5:25  Supply Depot  
  53  5:28  Supply Depot  
  54  5:32  Siege Tank  
  54  5:34  SCV  
  56  5:46  SCV  
  57  5:54  Orbital Command  
  57  5:58  SCV  
  58  6:04  Medivac x2  
  58  6:05  Supply Depot  
  58  6:09  Supply Depot  
  58  6:10  SCV  
  63  6:21  Barracks Tech Lab  
  63  6:23  SCV  
  64  6:27  SCV  
  65  6:35  SCV  
  65  6:39  SCV  
  67  6:42  Refinery  
  67  6:45  Refinery  
  67  6:48  SCV  
  67  6:51  SCV  
  69  6:54  Combat Shield, Stimpack  
  69  7:00  SCV  
  70  7:03  SCV  
  70  7:07  Engineering Bay  
  70  7:08  Engineering Bay  
  71  7:12  SCV  
  71  7:14  Viking  
  71  7:15  SCV  
  75  7:19  Command Center, Barracks Reactor  
  75  7:20  Marine x4  
  79  7:24  SCV  
  79  7:27  SCV  
  81  7:38  Marine x2  
  81  7:39  SCV  
  81  7:40  Siege Tank  
  81  7:41  SCV  
  88  7:47  Missile Turret  
  88  7:50  Marine x2  
  90  7:51  SCV  
  90  7:55  Marine  
  90  7:56  Marine  
  93  8:07  Marine  
  93  8:08  Marine  
  93  8:12  Terran Infantry Armor Level 1, Siege Tank, Terran Infantry Weapons Level 1  
  98  8:13  Marine  
  98  8:14  Marine  
  98  8:18  Command Center  
  100  8:25  Marine  
  100  8:26  Marine, Medivac x2  
  106  8:31  Marine  
  106  8:32  Marine  
  106  8:34  Orbital Command  
  108  8:43  Marine, Sensor Tower  
  108  8:44  Marine, Siege Tank  
  108  8:46  Armory  
  113  8:52  Barracks  
  113  8:54  Barracks  
  113  8:58  Supply Depot  
  113  9:00  Supply Depot  
  113  9:01  Marine  
  114  9:04  Supply Depot  
  114  9:07  Missile Turret  
  114  9:24  Concussive Shells  
  114  9:26  Medivac x2  
  118  9:32  Supply Depot  
  118  9:34  Supply Depot  
  118  9:36  Missile Turret, SCV  
  119  9:41  Refinery x2  
  119  9:48  SCV  
  119  9:50  Missile Turret  
  120  9:53  Marine  
  120  9:54  Barracks Reactor  
  120  9:55  Barracks Reactor  
  121  10:00  SCV  
  121  10:02  Marine  
  121  10:03  Marine x4  
  125  10:09  Planetary Fortress  
  125  10:11  Marine  
  125  10:12  SCV  
  127  10:20  Marine  
  127  10:21  Marine x4  
  132  10:24  SCV  
  132  10:27  Siege Tank, Medivac  
  132  10:28  Medivac  
  140  10:29  Marine  
  141  10:36  Missile Turret, SCV  
  141  10:38  Marine  
  141  10:40  Marine x8  
  151  10:47  Marine, Terran Infantry Weapons Level 2  
  151  10:49  SCV, Terran Infantry Armor Level 2  
  153  10:56  Marine  
  154  10:59  Siege Tank  
  154  11:01  SCV  
  158  11:05  Command Center  
  158  11:11  Marine  
  158  11:12  Marine x8  
  158  11:13  Marine  
  168  11:20  Terran Vehicle Weapons Level 1  
  158  11:29  Marine x4  
  158  11:31  Siege Tank  
  165  11:39  Marine  
  166  11:40  Marine x5  
  166  11:46  Command Center  
  166  11:47  Marine x4  
  171  11:51  Supply Depot  
  171  11:52  Supply Depot  
  175  11:57  Marine x5  
  180  12:13  Marine x5  
  180  12:15  Marine x4  
  186  12:18  Missile Turret  
  186  12:19  Planetary Fortress  
  189  12:26  Medivac  
  189  12:27  Medivac  
  189  12:29  Siege Tank  
  195  12:30  Marine  
  195  12:31  Marine x4  
  200  12:39  Missile Turret  
  195  12:56  Medivac x2  
  198  12:59  Refinery  
  198  13:00  Missile Turret  
  198  13:02  Refinery  
  165  13:22  Marine  
  165  13:23  Marine x9  
Show
View Real Time Build Order
Export as new Build Order

BadFaith Zerg 

Build Orders: Hatch First 

Get SALT Encoding   

  12  0:01  Drone  
  13  0:12  Overlord  
  13  0:18  Drone  
  14  0:31  Drone x2  
  14  0:34  Drone  
  17  0:57  Hatchery  
  17  0:58  Drone  
  17  1:02  Extractor  
  17  1:04  Drone  
  17  1:19  Spawning Pool  
  17  1:23  Drone  
  17  1:27  Drone  
  17  1:30  Drone  
  19  1:40  Drone  
  20  1:49  Drone  
  21  2:01  Overlord  
  21  2:06  Metabolic Boost  
  21  2:08  Queen  
  21  2:09  Zergling x2  
  24  2:16  Queen  
  24  2:21  Drone  
  27  2:24  Drone  
  27  2:27  Drone  
  29  2:33  Drone  
  29  2:35  Drone  
  31  2:41  Overlord  
  31  2:48  Zergling x2  
  32  2:52  Drone  
  32  2:53  Pneumatized Carapace  
  32  2:55  Drone  
  34  3:05  Drone x2  
  36  3:16  Baneling Nest  
  36  3:17  Evolution Chamber, Zergling x4  
  36  3:24  Drone x3  
  39  3:30  Drone x5  
  44  3:44  Overlord  
  44  3:45  Overlord  
  44  3:52  Overlord x2  
  44  4:00  Lair  
  44  4:03  Extractor  
  44  4:04  Drone x2  
  44  4:07  Extractor x2  
  44  4:09  Baneling x2  
  43  4:10  Zergling x2  
  43  4:11  Zergling x4  
  45  4:19  Zergling x2  
  45  4:20  Zergling x2  
  45  4:21  Queen  
  49  4:27  Zergling x2  
  49  4:28  Zergling x2  
  51  4:35  Evolution Chamber  
  49  4:45  Zergling x10  
  53  4:51  Zergling x2  
  54  4:53  Zerg Ground Armor Level 1  
  54  4:55  Drone  
  55  5:10  Zergling x6  
  49  5:20  Zergling x4  
  52  5:28  Zergling x2  
  52  5:32  Queen  
  52  5:34  Hatchery  
  52  5:35  Zerg Melee Weapons Level 1  
  53  5:41  Drone x2  
  53  5:42  Hydralisk Den  
  53  5:45  Zergling x2  
  51  5:51  Zergling x2  
  52  5:59  Zergling x2  
  49  6:19  Hydralisk  
  49  6:20  Hydralisk x3  
  55  6:32  Muscular Augments  
  55  6:39  Drone x4  
  58  6:41  Queen  
  58  6:42  Queen  
  60  6:56  Drone x2  
  58  7:14  Drone x5  
  63  7:17  Drone  
  63  7:18  Drone  
  63  7:20  Drone  
  66  7:29  Drone x3  
  69  7:36  Drone x2  
  71  7:41  Drone  
  72  7:47  Extractor  
  72  7:48  Extractor, Hydralisk  
  72  7:49  Hydralisk  
  74  7:51  Zerg Missile Weapons Level 1  
  74  7:52  Hydralisk x2  
  74  7:56  Baneling  
  74  7:57  Drone x2  
  80  7:59  Drone  
  81  8:05  Overlord  
  81  8:06  Overlord  
  78  8:31  Grooved Spines  
  78  8:35  Drone x8  
  78  8:36  Drone x2  
  88  8:44  Overlord  
  88  8:57  Zergling x2  
  88  9:02  Queen  
  91  9:05  Drone  
  91  9:06  Drone x4  
  91  9:07  Overlord  
  91  9:09  Centrifical Hooks  
  96  9:11  Zerg Ground Armor Level 2  
  96  9:14  Overlord x3  
  92  9:32  Hydralisk  
  92  9:33  Hydralisk x6  
  92  9:38  Queen  
  108  9:40  Overseer  
  108  9:42  Overseer  
  108  9:44  Drone x3  
  111  9:54  Hydralisk x3  
  117  10:00  Overlord  
  117  10:01  Overlord x2  
  113  10:18  Overlord x2, Queen  
  113  10:19  Overlord x3  
  115  10:31  Drone x9  
  115  10:33  Infestation Pit  
  123  10:37  Drone x2  
  125  10:49  Hydralisk x4  
  127  10:54  Queen  
  135  11:07  Drone x8  
  135  11:09  Infestation Pit  
  142  11:15  Drone x5  
  142  11:17  Hive  
  147  11:21  Hydralisk  
  141  11:54  Drone  
  141  11:55  Drone x11  
  141  11:58  Extractor  
  152  12:02  Hatchery  
  152  12:04  Extractor  
  150  12:16  Hydralisk x3  
  150  12:17  Hydralisk  
  158  12:29  Spire  
  157  12:33  Spire  
  156  12:40  Ultralisk Cavern, Zergling x20  
  163  12:49  Zergling x10  
  152  12:57  Zergling x2  
  138  13:05  Zergling x8  
  132  13:10  Zergling x2  
  113  13:12  Zergling x2  
  113  13:13  Zergling x2  
  113  13:16  Zergling x6  
  90  13:27  Baneling x8  
Tags
 
Add a new tag
Caveats
  • Supply blocks, unpowered buildings, or Contaminate may cause inaccurate times.
  • Supply counts are checked every 10 seconds.